[ AOE2 MATCH · #505148131 ]
UnrankedHuns vs Muisca
Player's team · WIN
Rival team · LOSS
[ REPLAY ANALYSIS · EXTRACTED FROM THE RECORDED GAME ]
Feudal
8:52
Castle
21:02
Imperial
—
| APM avg | 70.6 |
| APM peak | 109 |
| eAPM avg | 26.9 |
| Villagers / military | 71 / 42 |
Focus
⚔️ 36.9% · 🌾 63.1%
Cavalry Archer ×16 · Archer ×7 · Scout Cavalry ×7 · Monk ×3 · Knight ×3 · Mangonel ×3
Feudal
11:02
Castle
23:21
Imperial
—
| APM avg | 109.5 |
| APM peak | 260 |
| eAPM avg | 68.9 |
| Villagers / military | 76 / 31 |
Focus
⚔️ 73.3% · 🌾 26.7%
Archer ×20 · Skirmisher ×7 · Unknown (2562) ×7 · Unknown (2550) ×5 · Spearman ×3 · Mangonel ×1
Match map
Initial resources + every placement click. Lines = walls · curves = elevation contours. ◆ gold · ⬟ stone · ● berries · ✦ relic · ◌ wall gap
Your base· Open — unwalled flank
[GT]YellowJacket's base· Open — 3t gap
Smoothed initial terrain · ◌ = detected wall gap · hover for details
Inputs per minute
— Dimo - - [GT]YellowJacket
Build order — Dimo
First 150 of 213 actions detected
| 0:01 | Create | Villager (Male) |
| 0:02 | Create | Villager (Male) |
| 0:06 | Create | Villager (Male) |
| 0:07 | Create | Villager (Male) |
| 1:16 | Create | Villager (Male) |
| 1:50 | Create | Villager (Male) |
| 2:04 | Create | Villager (Male) |
| 2:10 | Build | Lumber Camp |
| 2:39 | Create | Villager (Male) |
| 2:40 | Create | Villager (Male) |
| 2:50 | Create | Villager (Male) |
| 3:38 | Create | Villager (Male) |
| 3:38 | Create | Villager (Male) |
| 3:56 | Create | Villager (Male) |
| 3:57 | Create | Villager (Male) |
| 4:00 | Create | Villager (Male) |
| 4:00 | Create | Villager (Male) |
| 4:22 | Create | Villager (Male) |
| 4:56 | Build | Mill |
| 5:20 | Create | Villager (Male) |
| 5:41 | Create | Villager (Male) |
| 6:17 | Create | Villager (Male) |
| 6:32 | Research | Loom |
| 6:40 | Research | Feudal Age |
| 6:40 | Research | Feudal Age |
| 6:42 | Research | Loom |
| 7:13 | Create | Villager (Male) |
| 7:31 | Build | Palisade Wall |
| 7:33 | Build | Palisade Wall |
| 7:34 | Build | Palisade Wall |
| 7:48 | Create | Villager (Male) |
| 7:50 | Build | Barracks |
| 8:52 | Age | Feudal Age |
| 8:55 | Build | Stable |
| 8:56 | Research | Double-Bit Axe |
| 8:59 | Create | Villager (Male) |
| 9:21 | Create | Spearman |
| 9:25 | Build | Farm |
| 9:29 | Build | Farm |
| 9:34 | Create | Scout Cavalry |
| 9:49 | Build | Farm |
| 9:57 | Create | Villager (Male) |
| 10:05 | Build | Farm |
| 10:17 | Build | Mining Camp |
| 10:39 | Create | Villager (Male) |
| 10:46 | Create | Villager (Male) |
| 11:01 | Build | Archery Range |
| 11:07 | Create | Scout Cavalry |
| 11:08 | Create | Scout Cavalry |
| 11:28 | Create | Villager (Male) |
| 11:35 | Build | Palisade Wall |
| 11:37 | Build | Palisade Wall |
| 11:41 | Build | Palisade Wall |
| 11:42 | Build | Palisade Wall |
| 11:45 | Create | Villager (Male) |
| 11:55 | Create | Archer |
| 11:56 | Build | Farm |
| 12:05 | Create | Scout Cavalry |
| 12:06 | Create | Scout Cavalry |
| 12:20 | Create | Archer |
| 12:31 | Build | Farm |
| 12:37 | Create | Villager (Male) |
| 12:37 | Create | Villager (Male) |
| 12:41 | Build | Farm |
| 12:46 | Create | Archer |
| 12:56 | Create | Villager (Male) |
| 13:10 | Create | Villager (Male) |
| 13:26 | Build | Blacksmith |
| 13:30 | Create | Scout Cavalry |
| 13:33 | Create | Archer |
| 13:49 | Build | Palisade Gate |
| 14:01 | Create | Villager (Male) |
| 14:11 | Create | Villager (Male) |
| 14:12 | Build | Farm |
| 14:13 | Build | Farm |
| 14:15 | Research | Fletching |
| 14:15 | Research | Fletching |
| 14:18 | Create | Archer |
| 14:34 | Create | Villager (Male) |
| 14:42 | Build | Farm |
| 14:43 | Build | Farm |
| 14:46 | Create | Archer |
| 15:05 | Build | Farm |
| 15:22 | Create | Skirmisher |
| 15:26 | Create | Villager (Male) |
| 15:28 | Create | Villager (Male) |
| 15:42 | Build | Farm |
| 15:43 | Create | Archer |
| 15:54 | Create | Scout Cavalry |
| 16:05 | Create | Villager (Male) |
| 16:28 | Create | Villager (Male) |
| 16:36 | Build | Palisade Wall |
| 16:45 | Create | Villager (Male) |
| 16:48 | Build | Farm |
| 16:49 | Build | Farm |
| 16:51 | Build | Farm |
| 16:59 | Create | Villager (Male) |
| 17:04 | Build | Farm |
| 17:10 | Build | Farm |
| 17:11 | Build | Farm |
| 17:27 | Create | Villager (Male) |
| 17:31 | Build | Farm |
| 17:46 | Build | Palisade Wall |
| 18:18 | Build | Archery Range |
| 18:22 | Research | Castle Age |
| 18:22 | Research | Castle Age |
| 18:22 | Research | Castle Age |
| 18:31 | Build | Palisade Wall |
| 18:41 | Build | Palisade Wall |
| 18:53 | Research | Gold Mining |
| 18:54 | Research | Gold Mining |
| 19:03 | Create | Villager (Male) |
| 19:17 | Research | Bloodlines |
| 19:17 | Research | Bloodlines |
| 19:33 | Research | Horse Collar |
| 19:34 | Research | Horse Collar |
| 20:11 | Build | Palisade Wall |
| 20:16 | Create | Villager (Male) |
| 21:02 | Age | Castle Age |
| 21:04 | Create | Cavalry Archer |
| 21:04 | Create | Cavalry Archer |
| 21:05 | Research | Bodkin Arrow |
| 21:06 | Research | Bodkin Arrow |
| 21:14 | Research | Bow Saw |
| 21:14 | Research | Bow Saw |
| 21:20 | Build | Siege Workshop |
| 21:23 | Build | Siege Workshop |
| 21:26 | Create | Cavalry Archer |
| 21:28 | Create | Villager (Male) |
| 21:31 | Build | Lumber Camp |
| 21:46 | Create | Cavalry Archer |
| 21:46 | Create | Cavalry Archer |
| 21:55 | Create | Villager (Male) |
| 22:03 | Create | Knight |
| 22:12 | Create | Scorpion |
| 22:33 | Create | Villager (Male) |
| 22:44 | Create | Mangonel |
| 22:53 | Create | Villager (Male) |
| 22:55 | Research | Wheelbarrow |
| 23:17 | Create | Villager (Male) |
| 23:24 | Build | Town Center |
| 23:35 | Build | Outpost |
| 23:36 | Research | Town Watch |
| 23:39 | Research | Wheelbarrow |
| 23:49 | Create | Cavalry Archer |
| 23:51 | Create | Cavalry Archer |
| 24:06 | Create | Villager (Male) |
| 24:14 | Build | Monastery |
| 24:20 | Create | Cavalry Archer |
| 24:20 | Create | Cavalry Archer |
Build order — [GT]YellowJacket
First 150 of 195 actions detected
| 0:00 | Create | Villager (Male) |
| 0:01 | Build | House |
| 0:01 | Create | Villager (Male) |
| 0:02 | Build | House |
| 0:02 | Create | Villager (Male) |
| 0:12 | Create | Villager (Male) |
| 1:22 | Create | Villager (Male) |
| 1:45 | Build | Settlement |
| 1:56 | Create | Villager (Male) |
| 2:03 | Build | Settlement |
| 2:15 | Create | Villager (Male) |
| 2:46 | Create | Villager (Male) |
| 2:47 | Create | Villager (Male) |
| 3:05 | Create | Villager (Male) |
| 3:05 | Create | Villager (Male) |
| 3:40 | Create | Villager (Male) |
| 3:40 | Create | Villager (Male) |
| 3:55 | Create | Villager (Male) |
| 3:55 | Create | Villager (Male) |
| 4:13 | Build | Barracks |
| 4:24 | Create | Villager (Male) |
| 4:24 | Create | Villager (Male) |
| 4:49 | Create | Villager (Male) |
| 4:51 | Create | Villager (Male) |
| 4:51 | Create | Villager (Male) |
| 5:15 | Create | Unit 2550 |
| 5:22 | Build | Settlement |
| 5:33 | Create | Villager (Male) |
| 5:42 | Create | Villager (Male) |
| 6:06 | Create | Unit 2550 |
| 6:12 | Build | Settlement |
| 6:23 | Create | Villager (Male) |
| 7:05 | Create | Villager (Male) |
| 7:32 | Create | Villager (Male) |
| 7:47 | Create | Villager (Male) |
| 7:48 | Create | Unit 2550 |
| 7:57 | Build | Settlement |
| 8:11 | Research | Loom |
| 8:52 | Research | Feudal Age |
| 8:52 | Research | Feudal Age |
| 9:10 | Build | Outpost |
| 9:17 | Build | Outpost |
| 9:32 | Create | Villager (Male) |
| 9:37 | Build | House |
| 9:38 | Build | Palisade Wall |
| 9:45 | Build | Palisade Wall |
| 9:56 | Build | Palisade Wall |
| 10:03 | Create | Villager (Male) |
| 10:04 | Build | Farm |
| 10:06 | Build | Farm |
| 10:14 | Create | Unit 2550 |
| 10:22 | Build | Palisade Wall |
| 10:23 | Build | House |
| 10:32 | Build | Farm |
| 10:38 | Build | Palisade Wall |
| 10:41 | Build | Palisade Wall |
| 10:47 | Build | Farm |
| 10:56 | Build | Palisade Wall |
| 11:02 | Age | Feudal Age |
| 11:04 | Build | Palisade Wall |
| 11:07 | Research | Double-Bit Axe |
| 11:07 | Research | Double-Bit Axe |
| 11:12 | Build | Palisade Wall |
| 11:14 | Build | House |
| 11:24 | Create | Villager (Male) |
| 11:25 | Create | Spearman |
| 11:38 | Build | House |
| 11:41 | Build | Palisade Wall |
| 11:51 | Build | Palisade Wall |
| 12:01 | Create | Villager (Male) |
| 12:17 | Build | Archery Range |
| 12:26 | Create | Villager (Male) |
| 12:36 | Research | Tech 1402 |
| 12:36 | Research | Tech 1402 |
| 12:37 | Create | Villager (Male) |
| 12:40 | Research | Horse Collar |
| 12:48 | Build | Farm |
| 12:53 | Build | Farm |
| 13:00 | Create | Villager (Male) |
| 13:02 | Build | Farm |
| 13:11 | Create | Archer |
| 13:12 | Build | Farm |
| 13:16 | Create | Villager (Male) |
| 13:20 | Create | Spearman |
| 13:28 | Create | Villager (Male) |
| 13:54 | Create | Villager (Male) |
| 13:55 | Build | Farm |
| 13:56 | Create | Unit 2550 |
| 14:14 | Create | Spearman |
| 14:22 | Create | Archer |
| 14:26 | Create | Villager (Male) |
| 14:30 | Build | Archery Range |
| 14:32 | Create | Archer |
| 14:35 | Build | Watch Tower |
| 14:50 | Create | Archer |
| 15:02 | Build | Blacksmith |
| 15:10 | Build | Palisade Wall |
| 15:16 | Create | Villager (Male) |
| 15:38 | Create | Skirmisher |
| 15:38 | Create | Skirmisher |
| 15:39 | Create | Villager (Male) |
| 15:47 | Research | Fletching |
| 15:48 | Create | Villager (Male) |
| 15:53 | Build | Farm |
| 15:55 | Build | Palisade Wall |
| 15:56 | Create | Skirmisher |
| 16:10 | Create | Skirmisher |
| 16:18 | Build | Palisade Wall |
| 16:34 | Create | Skirmisher |
| 16:47 | Create | Villager (Male) |
| 16:52 | Create | Skirmisher |
| 16:53 | Create | Villager (Male) |
| 16:53 | Create | Archer |
| 16:56 | Build | Farm |
| 16:58 | Build | Farm |
| 17:02 | Create | Archer |
| 17:10 | Build | Settlement |
| 17:16 | Create | Archer |
| 17:34 | Create | Villager (Male) |
| 17:38 | Build | House |
| 17:43 | Create | Archer |
| 17:47 | Research | Padded Archer Armor |
| 17:49 | Research | Town Watch |
| 17:59 | Build | House |
| 18:19 | Create | Villager (Male) |
| 18:27 | Build | Palisade Wall |
| 18:30 | Build | Farm |
| 18:51 | Create | Villager (Male) |
| 19:04 | Create | Archer |
| 19:04 | Create | Archer |
| 19:20 | Create | Villager (Male) |
| 19:30 | Build | House |
| 19:47 | Create | Villager (Male) |
| 19:48 | Build | Market |
| 20:41 | Research | Castle Age |
| 20:41 | Research | Castle Age |
| 20:47 | Create | Archer |
| 20:59 | Create | Villager (Male) |
| 21:19 | Create | Villager (Male) |
| 21:22 | Create | Archer |
| 21:49 | Create | Archer |
| 21:51 | Create | Villager (Male) |
| 21:55 | Build | House |
| 22:05 | Create | Villager (Male) |
| 22:19 | Build | Watch Tower |
| 23:02 | Create | Villager (Male) |
| 23:05 | Create | Archer |
| 23:19 | Create | Villager (Male) |
| 23:21 | Age | Castle Age |
| 23:24 | Research | Bodkin Arrow |
Match timeline
| 4:13 | [GT]YellowJacket · first_building Barracks |
| 7:31 | Dimo · wall_segment Palisade Wall x2 |
| 7:33 | Dimo · wall_segment Palisade Wall x2 |
| 7:34 | Dimo · wall_segment Palisade Wall x1 |
| 7:50 | Dimo · first_building Barracks |
| 8:52 | Dimo · age_up feudal |
| 8:55 | Dimo · first_building Stable |
| 9:38 | [GT]YellowJacket · wall_segment Palisade Wall x1 |
| 9:45 | [GT]YellowJacket · wall_segment Palisade Wall x2 |
| 9:56 | [GT]YellowJacket · wall_segment Palisade Wall x8 |
| 10:22 | [GT]YellowJacket · wall_segment Palisade Wall x1 |
| 10:38 | [GT]YellowJacket · wall_segment Palisade Wall x7 |
| 10:41 | [GT]YellowJacket · wall_segment Palisade Wall x6 |
| 10:56 | [GT]YellowJacket · wall_segment Palisade Wall x1 |
| 11:01 | Dimo · first_building Archery Range |
| 11:02 | [GT]YellowJacket · age_up feudal |
| 11:04 | [GT]YellowJacket · wall_segment Palisade Wall x1 |
| 11:12 | [GT]YellowJacket · wall_segment Palisade Wall x1 |
| 11:35 | Dimo · wall_segment Palisade Wall x6 |
| 11:37 | Dimo · wall_segment Palisade Wall x7 |
| 11:41 | Dimo · wall_segment Palisade Wall x4 |
| 11:41 | [GT]YellowJacket · wall_segment Palisade Wall x1 |
| 11:42 | Dimo · wall_segment Palisade Wall x6 |
| 11:51 | [GT]YellowJacket · wall_segment Palisade Wall x6 |
| 12:17 | [GT]YellowJacket · first_building Archery Range |
| 15:10 | [GT]YellowJacket · wall_segment Palisade Wall x1 |
| 15:55 | [GT]YellowJacket · wall_segment Palisade Wall x2 |
| 16:18 | [GT]YellowJacket · wall_segment Palisade Wall x1 |
| 16:36 | Dimo · wall_segment Palisade Wall x1 |
| 17:46 | Dimo · wall_segment Palisade Wall x1 |
| 18:27 | [GT]YellowJacket · wall_segment Palisade Wall x2 |
| 18:31 | Dimo · wall_segment Palisade Wall x9 |
| 18:41 | Dimo · wall_segment Palisade Wall x2 |
| 20:11 | Dimo · wall_segment Palisade Wall x9 |
| 20:38 | [GT]YellowJacket · first_market_buy 100 food |
| 20:41 | [GT]YellowJacket · first_market_sell 100 wood |
| 21:02 | Dimo · age_up castle |
| 21:20 | Dimo · first_building Siege Workshop |
| 23:21 | [GT]YellowJacket · age_up castle |
| 24:13 | [GT]YellowJacket · first_building Siege Workshop |
| 24:14 | Dimo · first_building Monastery |
| 25:41 | [GT]YellowJacket · first_building Castle |
| 26:08 | [GT]YellowJacket · wall_segment Palisade Wall x1 |
| 29:08 | [GT]YellowJacket · resign |
[ AI ANALYSIS · 1 CREDIT ]
What really happened in this match?
Wolo.gg analyzes every decision: build order, eco, micro, common mistakes by bracket. Personalized analysis on WhatsApp or Discord in 30 seconds.
Civ guide
Huns
Perfil
Jugador #6040432